[Event "1000GM Schev-G1 March 2024"]
[Site "Santa Clara"]
[Date "2024.03.10"]
[Round "2.5"]
[White "Yan, Nathan"]
[Black "Cu Hor, Winston Darwin"]
[Result "0-1"]
[ECO "B90"]
[WhiteElo "2185"]
[BlackElo "2343"]
[Annotator "TA"]
[PlyCount "102"]
[EventDate "2024.03.06"]
[EventType "schev"]
[EventCountry "USA"]
[SourceTitle "playchess.com"]
[Source "ChessBase"]
[SourceQuality "1"]
[TimeControl "5400+30"]

1. e4 c5 2. Nf3 d6 3. d4 cxd4 4. Nxd4 Nf6 5. Nc3 a6 6. Be3 e5 7. Nf3 Be7 8. Bc4 O-O 9. O-O Nbd7 10. a4 b6 11. Nd2 Bb7 {[%emt 0:00:20] White is slightly better.} 12. Ba2 Bc6 13. Nc4 Qc7 {[%emt 0:04:22] [#]} (13... Nxe4 $11 14. Nxe4 Bxe4) 14. a5 $1 b5 $1 $11 15. Nb6 Nxb6 16. Bxb6 Qb7 17. f3 Rac8 18. Kh1 b4 19. Nd5 Nxd5 20. Bxd5 Qd7 21. Rf2 (21. Bb3 $14) 21... Bd8 22. Qd3 ({White should try} 22. Bc4 $14) 22... Bxb6 23. axb6 Qb7 24. Rxa6 (24. Qxa6 Ra8 25. Qf1 Bxd5 (25... Qxb6 26. Rd1 $11) 26. exd5 Rxa1 (26... Qxb6 27. Rd2 $17) 27. Qxa1 Qxd5 (27... Qxb6 28. Re2 $17)) 24... Bxd5 25. exd5 Ra8 26. Rxa8 Rxa8 $15 {[%emt 0:00:29][%mdl 4096] Endgame. KQR-KQR} 27. Qb5 {[%emt 0:00:50] [#]} (27. g4 $15) 27... Qxd5 $3 $17 28. Qf1 (28. Qe2 Qc5) 28... Rb8 {[%emt 0:00:54] Black is more active.} 29. Qe1 Qd4 30. c3 bxc3 31. bxc3 Qxb6 32. Rd2 Qc5 33. Qd1 Rb6 (33... Qxc3 34. h3 $15) 34. h3 g6 (34... Qxc3 $2 35. Rc2 $18) 35. Kh2 Kg7 (35... Qxc3 $6 36. Rxd6 Qb4 37. Rd8+ Kg7 38. Qe2 $11) 36. Rd5 Qc7 (36... Qxc3 37. Rxd6 Rb2 38. Rd3 $17) 37. Qd2 h5 38. f4 Rc6 (38... Qc4 $19 {and Black stays clearly on top.} 39. fxe5 dxe5) 39. fxe5 dxe5 40. Rd7 Qb6 41. Qd5 Re6 (41... Rxc3 42. Qxf7+ Kh6 43. h4 (43. Qg7+ Kg5 44. Qxe5+ Kh6 45. Qf4+ g5 46. Qf8+ Kg6 47. Rg7+ Kh6 48. Qh8#) (43. Qg7+ Kg5 44. Qxe5+ Kh6 45. Qf4+ g5 46. Qf8+ Kg6 47. Rg7+ Kh6 48. Qh8#)) 42. c4 Qc6 43. Qd3 Rf6 44. Rd5 Re6 (44... Rf4 $17 45. Qe3 Rf5 (45... Qxc4 46. Qxe5+ Rf6 47. Rd8 $15)) 45. c5 (45. Rd7 $1 $11) 45... Qc7 46. Qc3 Kh7 47. Kg1 e4 48. Qd4 Qf4 49. Rd8 Qe5 {[%emt 0:01:39] Against Rh8+. ...e3 is the strong threat.} 50. c6 $2 Qxd4+ $19 51. Rxd4 e3 $1 {[%emt 0:00:55] Weighted Error Value: White=0.30/Black=0.13 (very precise) .  Loses game:     	White=1     	---        Mistake:       	White=5     	Black=3      Inaccurate:     	White=2     	Black=3      OK:         	White=14    	Black=12     Best:        	White=2     	Black=3      Strong:       	---       	Black=2      Brilliant:      	---       	Black=1} (51... Rxc6 52. Rxe4 g5 53. h4 $11) 0-1

[Event "1000GM Schev-G1 March 2024"]
[Site "Santa Clara"]
[Date "2024.03.10"]
[Round "3.2"]
[White "Arutla, Aditya"]
[Black "Griffith, Kyron"]
[Result "0-1"]
[ECO "B43"]
[WhiteElo "2239"]
[BlackElo "2352"]
[Annotator "TA"]
[PlyCount "75"]
[EventDate "2024.03.06"]
[EventType "schev"]
[EventCountry "USA"]
[SourceTitle "playchess.com"]
[Source "ChessBase"]
[SourceQuality "1"]
[TimeControl "5400+30"]

1. e4 c5 2. Nf3 e6 3. d4 cxd4 4. Nxd4 a6 5. Nc3 b5 6. Bd3 Bb7 7. O-O Nc6 8. Nxc6 Bxc6 9. Re1 Ne7 10. Qh5 Ng6 11. e5 (11. a3 {kam in Betracht.}) 11... Qb8 12. f4 Qb6+ 13. Kf1 $1 Rc8 14. a4 Bc5 15. axb5 axb5 16. Qe2 (16. g3 {hält die Spannung aufrecht.} d6 17. exd6 O-O 18. Qe2) 16... b4 (16... O-O $11) 17. Ne4 Bxe4 18. Bxe4 O-O 19. Ra6 Qc7 20. g3 f6 (20... Ne7 $11) 21. exf6 $14 Rxf6 22. Kg2 Ne7 23. Qd3 Nf5 24. b3 Rf7 25. Bb2 Bb6 26. Kh1 h5 27. Qf3 (27. Qe2 $16) 27... Qc5 (27... h4 $1 $11) 28. Bd3 (28. Qxh5 $2 Nxg3+ 29. hxg3 Qxh5+ $19) 28... Rb8 29. Be5 {[%emt 0:01:18] Das Läuferpaar ist gut.} (29. Qxh5 $2 Nxg3+ 30. hxg3 Qxh5+ $19) 29... Rc8 (29... Rbf8 $16 {ist wohl besser.}) 30. Qb7 ({Günstiger ist} 30. Qxh5 $18 {g4 ist eine echte Drohung.} Bc7 31. Qf3) 30... Bd8 $16 31. Bxf5 (31. Qe4 $16) 31... exf5 $11 32. Bd4 Qxc2 33. Re8+ Rf8 $1 (33... Kh7 $2 34. Qf3 $18) 34. Qd5+ (34. Qxd7 Qd1+ 35. Kg2 Rc2+ 36. Bf2 Qxd7 37. Re3 Qb7+ 38. Kg1 Qxa6 (38... Rc1+ 39. Re1 Rxe1+ 40. Bxe1 Qxa6 41. h3 Bb6+ 42. Bf2 Bxf2+ 43. Kg2 Qe2 44. h4 Bd4+ 45. Kh3 Qf2 46. g4 hxg4#) 39. Re1 Bb6 (39... Rxf2 40. Kxf2 Qc6 41. Re3 Bb6 42. g4 Bxe3+ 43. Kxe3 Qc3+ 44. Kf2 Rd8 45. gxf5 Rd2+ 46. Kg1 Qc1#) 40. Kg2 Bxf2 (40... Rxf2+ 41. Kh3) 41. Rd1 Bg1+ 42. Kxg1 Qe2) 34... Kh7 {[%emt 0:00:02] Manche mögen's heiß} 35. Re1 {[%emt 0:00:28] Verhindert Qd1.} (35. Rxf8 Qd1+ 36. Kg2 Rc2+ 37. Bf2 Qxd5+ 38. Kh3 Rxf2) (35. Qf3 $11 Bf6 (35... Rxe8 36. Qxh5+ Kg8 37. Qxe8+ Kh7 38. Qg6+ Kh8 39. Qxg7#) 36. Rxf8 Rxf8 37. Bxf6 gxf6 (37... Rxf6 38. Qxh5+ Kg8 39. Rxf6 $11) 38. Qxh5+ Kg7 39. Rd6) 35... Qd2 $2 {[%emt 0:00:49][%mdl 8192] [#]} (35... Re8 $1 $15 36. Be5 (36. Rxe8 $2 Qd1+ $19) 36... Bc7) 36. Qe5 $4 (36. Rh6+ $1 $18 Kxh6 (36... gxh6 37. Qxd7+) 37. Bxg7+ Kxg7 38. Qxd2) 36... Rf7 $2 (36... Rf6 $19 {Und jetzt ...Rc2 wäre schön.} 37. Rf1 (37. Rxf6 $2 Bxf6 38. Qe2 Qxe2 $19) 37... Rc2 (37... Rxa6 38. Qxg7#) (37... Bc7 $2 38. Qe7 $19)) 37. Qd5 $2 Rf8 $4 {[%emt 0:08:12][%mdl 8192] [#]} (37... Rc2 {vermeidet das Desaster.} 38. Rh6+ Kxh6 39. Bxg7+ Rxg7 40. Qxd2 Rxd2 41. Re8 Re7 (41... Rd1+ $2 42. Kg2 $19) 42. Rxe7 Bxe7 43. Kg1 h4 44. Kf1 Rxh2 (44... Rd1+ {wird mattgesetzt.} 45. Ke2 Rb1 46. Kf3 Rxb3+ 47. Ke2 Rb2+ 48. Ke3 b3 49. g4 Rxh2 50. gxf5 b2 51. f6 Bxf6 52. Kd3 b1=Q+ 53. Kc4 Qc1+ 54. Kd3 Qc2+ 55. Ke3 Rh3#) 45. gxh4 Bxh4 (45... Rh1+ {ist ein Selbstmatt.} 46. Ke2 Rh3 47. Ke1 Rxb3 48. Kf2 Rc3 49. h5 b3 50. Ke2 b2 51. Kd2 Bf6 52. Ke2 Rc2+ 53. Ke3 b1=Q 54. Kf3 Qb3#) 46. Kg1 Rb2 47. Kf1 Kh5 (47... Rxb3 {führt zum Matt.} 48. Ke2 Rc3 49. Kd1 Bf6 50. Ke2 b3 51. Kf2 b2 52. Kg2 Rc2+ 53. Kg3 b1=Q 54. Kh3 Qb3#) 48. Kg1 Kg4 (48... Rxb3 49. Kg2 Kg4 50. Kh2 Rb2+ 51. Kg1 b3 52. Kf1 Kh3 53. Kg1 Rb1#) 49. Kf1 Kh3 50. Kg1 Rb1#) 38. Rh6+ $3 {[%emt 0:00:30][%mdl 33280] Gewichteter Fehlerwert: Weiß=0.45/Schwarz=0.66.  Verlustzug:     	Weiß=1     	Schwarz=1     Gewinn verpasst:   	Weiß=1     	Schwarz=2     Fehler:       	Weiß=5     	Schwarz=4     Ungenau:       	Weiß=2     	Schwarz=3     OK:         	Weiß=11    	Schwarz=7     Bester:       	Weiß=1     	Schwarz=2     Stark:        	Weiß=1     	Schwarz=1     Brilliant:      	Weiß=1     	---       . Zeitüberschreitung!?} 0-1

[Event "1000GM Schev-G1 March 2024"]
[Site "Santa Clara"]
[Date "2024.03.10"]
[Round "3.3"]
[White "Arenas, David"]
[Black "Atwell, Rose"]
[Result "1/2-1/2"]
[ECO "A12"]
[WhiteElo "2368"]
[BlackElo "2285"]
[Annotator "TA"]
[PlyCount "133"]
[EventDate "2024.03.06"]
[EventType "schev"]
[EventCountry "USA"]
[SourceTitle "playchess.com"]
[Source "ChessBase"]
[SourceQuality "1"]
[TimeControl "5400+30"]

1. c4 c6 2. Nf3 d5 3. e3 Nf6 4. b3 Bf5 5. Bb2 e6 6. cxd5 exd5 7. Be2 Nbd7 8. a3 Bd6 9. d3 Qe7 10. Qc2 c5 11. O-O O-O 12. Re1 Rfe8 13. Nbd2 h6 14. h3 Bh7 15. Bf1 Rac8 16. Qc3 (16. e4 $5 Bc7 17. exd5 $11) 16... Bb8 17. Rad1 Nf8 18. Qc1 Ne6 19. Qa1 b5 20. a4 a6 21. e4 Red8 (21... Rcd8 {with more complications.} 22. axb5 axb5 23. exd5 Rxd5 24. d4 cxd4 25. Nxd4 Qd7) 22. Bxf6 Qxf6 23. Qxf6 gxf6 24. axb5 axb5 25. exd5 Rxd5 26. Ne4 Kg7 27. Nc3 Rd7 28. Nxb5 Rcd8 29. Nc3 Rb7 30. Ne4 Rxb3 31. Nfd2 {[%emt 0:00:26][%cal Bf3d2,Bd2c4,Bc4e3][%mdl 32] Excellent horsemanship.} Rb4 32. Rb1 Bf4 {[%emt 0:04:30] [#] And now ...f5 would win.} 33. Nc4 Rxb1 34. Rxb1 Bxe4 35. dxe4 Rb8 (35... Ng5 $11) 36. Rxb8 $16 Bxb8 {[%emt 0:00:03][%mdl 4096] Endgame. KBN-KBN} 37. g3 Nd4 38. Ne3 Nf3+ 39. Kg2 Nd2 40. Bd3 c4 41. Bxc4 (41. Nxc4 $16 Nxc4 42. Bxc4) 41... Nxe4 $11 42. Nf5+ Kg6 43. Ne7+ Kg7 44. Bd3 Nd6 45. g4 Bc7 46. Nd5 Bd8 47. Kg3 Nb7 48. Kf3 Nc5 49. Bf5 Ba5 50. Nf4 Bc3 51. Ke3 Kf8 52. Nd5 Bb2 53. Kf3 Bd4 54. Bc8 Ne6 55. Bxe6 fxe6 {[%emt 0:00:03] KB-KN. The position is equal.} 56. Nf4 Kf7 57. Nd3 f5 58. Kg3 fxg4 59. Kxg4 Kf6 60. Kf4 Bb6 61. f3 Bc7+ 62. Kg4 Kg6 63. f4 h5+ 64. Kf3 Kf5 65. Nc5 Bxf4 66. Nxe6 Kxe6 67. Ke4 {[%emt 0:02:34] Weighted Error Value: White=0.09 (flawless) /Black=0.09 (flawless) .  Mistake:       	White=1     	Black=1      Inaccurate:     	White=3     	Black=4      OK:         	White=23    	Black=19     Best:        	White=5     	Black=3} 1/2-1/2

[Event "1000GM Schev-G1 March 2024"]
[Site "Santa Clara"]
[Date "2024.03.10"]
[Round "3.4"]
[White "Cu Hor, Winston Darwin"]
[Black "Guo, Ethan"]
[Result "1-0"]
[ECO "A09"]
[WhiteElo "2343"]
[BlackElo "2227"]
[Annotator "TA"]
[PlyCount "135"]
[EventDate "2024.03.06"]
[EventType "schev"]
[EventCountry "USA"]
[SourceTitle "playchess.com"]
[Source "ChessBase"]
[SourceQuality "1"]
[TimeControl "5400+30"]

1. Nf3 d5 2. c4 d4 3. e3 Nc6 4. exd4 Nxd4 5. Nxd4 Qxd4 6. Nc3 c6 7. Be2 Nh6 8. O-O g6 9. b3 Bg7 10. Bb2 Qd8 11. d3 O-O 12. Re1 Nf5 13. Bf1 c5 14. Qd2 b6 15. Nd5 Bxb2 16. Qxb2 Bb7 17. Ne3 Nd4 18. b4 Rc8 (18... cxb4 $15 {should be considered.} 19. Qxb4 e6) 19. a3 $11 Qd7 20. bxc5 bxc5 (20... Rxc5 $5 21. Nd5 Ne6 $14) 21. Nc2 Nxc2 22. Qxc2 e6 23. Rab1 Bc6 24. Qc3 Rfd8 25. Qa5 Qd6 26. Re3 Rb8 27. Ree1 h5 28. Be2 Kg7 29. h3 Kg8 30. Bf1 Kg7 31. Rec1 (31. Be2 $11 {feels stronger.}) 31... Kg8 (31... Rbc8 $15) 32. Rd1 Kg7 33. Rxb8 Rxb8 34. Qxa7 Ra8 35. Qb6 Rb8 36. Qa5 Qd4 (36... Rb3 $11) 37. Qc7 $14 Ba4 38. Re1 (38. Qxb8 {simplifies} Bxd1 39. Qb1 Ba4 40. Qe1) 38... Rb3 $2 (38... Rb2 $11 {and Black is okay.} 39. Qe5+ Kf8) 39. Rxe6 $18 Rxa3 (39... Rb2 $142) 40. Qe5+ $2 (40. Re7 $18 {is more deadly.} Qf6 41. Qxc5) 40... Qxe5 $16 41. Rxe5 Bc2 42. f4 (42. Rxc5 Bxd3 43. Bxd3 Rxd3 $16) 42... f6 {[%emt 0:02:54] [#]} (42... h4 $16 {was worth a try.} 43. Rd5 (43. Rxc5 Bxd3 44. Bxd3 Rxd3 $11) 43... Ra8) 43. Rd5 $1 $18 (43. Rxc5 Bxd3 44. Bxd3 Rxd3 $15) 43... h4 44. Kf2 ({Not} 44. Rxc5 Bxd3 45. Bxd3 Rxd3 $11) 44... f5 45. Ke3 ({Worse is} 45. Rxc5 Bxd3 46. Bxd3 Rxd3 $11) 45... Ra5 46. Rd7+ Kh6 (46... Kf6 {is a better defense.} 47. Rd6+ Kf7) 47. Be2 $18 Ba4 48. Rc7 Bc2 49. Kd2 Bb3 50. Bf3 Ba4 51. Rc8 Kg7 52. Ke3 Bc2 53. Rc7+ Kh6 54. Rb7 (54. d4 $142 cxd4+ 55. Kxd4) 54... Ba4 $2 (54... Ra3) 55. Rb8 Kg7 56. Bd5 Bc2 57. Rb7+ Kh6 58. Rb2 Bd1 59. Rb5 Ra3 60. Kd2 Bh5 61. Rxc5 Ra2+ 62. Ke3 Re2+ 63. Kd4 Rf2 64. Ke5 Re2+ 65. Kf6 Rd2 66. Rc8 Kh7 67. Rc7+ Kh8 68. Kg5 1-0

[Event "1000GM Schev-G1 March 2024"]
[Site "Santa Clara"]
[Date "2024.03.10"]
[Round "3.5"]
[White "Yan, Nathan"]
[Black "Heimann, Mark"]
[Result "0-1"]
[ECO "B11"]
[WhiteElo "2185"]
[BlackElo "2435"]
[Annotator "TA"]
[PlyCount "102"]
[EventDate "2024.03.06"]
[EventType "schev"]
[EventCountry "USA"]
[SourceTitle "playchess.com"]
[Source "ChessBase"]
[SourceQuality "1"]
[TimeControl "5400+30"]

1. e4 c6 2. Nc3 d5 3. Nf3 dxe4 4. Nxe4 Nf6 5. Qe2 Na6 6. d4 Nxe4 7. Qxe4 Qd5 8. Qxd5 {[%emt 0:02:05] White is slightly better.} cxd5 9. Ne5 Nb8 10. Bb5+ Nd7 11. O-O f6 12. Nxd7 Bxd7 13. Bxd7+ Kxd7 14. Bf4 e6 15. Rfe1 b5 16. Kf1 g5 17. Bg3 g4 18. Ke2 h5 19. Kd3 h4 20. Bf4 Rh5 21. a4 Rf5 (21... b4 $1 $15) 22. g3 ({White should play} 22. Be3 $1 $11) 22... b4 $15 23. c3 bxc3 ({Better is} 23... Bd6 $15 24. Bxd6 Kxd6 25. cxb4 Rc8 (25... Rxf2 $2 26. b5 $19) 26. gxh4 Rxf2) 24. bxc3 $11 Bd6 25. Be3 Rc8 26. Rab1 Rc7 27. Rb5 Rf3 28. Reb1 f5 29. Rb8 e5 30. dxe5 (30. Ke2 {simplifies} f4 31. gxf4 exf4 32. Bd2) 30... Bxe5 31. R1b7 $2 (31. R8b7 $15) 31... Kc6 $2 (31... Bxc3 $19 32. Rb5 d4 33. Rd5+ Ke6 34. Rxd4 Bxd4 35. Kxd4 Rd7+ 36. Kc5 f4 37. Bxf4 Rxf2) 32. Rxc7+ Bxc7 {[%emt 0:00:00][%mdl 4096] Endgame. KRB-KRB} 33. Rf8 hxg3 34. hxg3 Bb6 35. Rf6+ Kd7 36. Ke2 Ke7 37. Rh6 Bxe3 {[%emt 0:00:00] KRB-KR} 38. Rh7+ Kf6 39. fxe3 Rxg3 {[%emt 0:00:00] White must now prevent ...Rg2+.} 40. Rxa7 $17 {[%emt 0:00:10] KR-KR} Rg2+ 41. Kd3 Ra2 (41... g3 $15 42. Ra8 Kg7 43. Ra7+ Kg6) 42. Ra8 $1 $11 Kg5 43. Kd4 g3 {[%emt 0:00:00] ...Kg4 is the strong threat.} 44. Kxd5 Kg4 {[%emt 0:00:00] Threatens to win with ...g2.} 45. Ke5 $2 {[%emt 0:00:48][%mdl 8192] [#]} (45. Rg8+ $11 Kf3 46. Rg5) 45... Re2 $1 $19 46. Rg8+ Kf3 47. Kxf5 Rxe3 (47... Kxe3 $2 {loses.} 48. Rxg3+ Kf2 49. Rh3 $18) 48. c4 Rc3 49. Rg4 g2 {[%emt 0:00:00] ( -> ...Kf2)} 50. Rf4+ Ke2 51. Rg4 {[%emt 0:01:09] [#]} Kf2 $1 {[%emt 0:00:00] Weighted Error Value: White=0.38/Black=0.19 (very precise) .  Loses game:     	White=2     	---        Missed win:     	---       	Black=1      Mistake:       	White=1     	Black=3      Inaccurate:     	White=4     	---        OK:         	White=13    	Black=19     Best:        	White=3     	Black=3      Strong:       	White=1     	Black=1} 0-1

[Event "1000GM Schev-G1 March 2024"]
[Site "Santa Clara"]
[Date "2024.03.10"]
[Round "4.2"]
[White "Arenas, David"]
[Black "Arutla, Aditya"]
[Result "1/2-1/2"]
[ECO "C67"]
[WhiteElo "2368"]
[BlackElo "2239"]
[Annotator "TA"]
[PlyCount "47"]
[EventDate "2024.03.06"]
[EventType "schev"]
[EventCountry "USA"]
[SourceTitle "playchess.com"]
[Source "ChessBase"]
[SourceQuality "1"]
[TimeControl "5400+30"]

1. e4 e5 2. Nf3 Nc6 3. Bb5 Nf6 4. O-O Nxe4 5. d4 Nd6 6. Bxc6 dxc6 7. dxe5 Nf5 8. Qxd8+ Kxd8 9. h3 h5 10. Rd1+ Ke8 11. b3 Be6 12. Nc3 Be7 13. Bb2 Rd8 14. Ne4 Rd7 15. Ne1 Kd8 (15... b6 $11) 16. Nd3 $14 Kc8 17. Nf4 h4 18. Rxd7 Bxd7 19. Rd1 b6 20. a4 Rh6 21. Bc1 g5 22. Ne2 Rg6 23. f3 Ng7 24. Kf2 {[%emt 0:05:01] Gewichteter Fehlerwert: Weiß=0.16 (sehr präzise) /Schwarz=0.15 (sehr präzise) .  Fehler:       	---       	Schwarz=1     Ungenau:       	Weiß=5     	Schwarz=2     OK:         	Weiß=5     	Schwarz=4} 1/2-1/2

[Event "1000GM Schev-G1 March 2024"]
[Site "Santa Clara"]
[Date "2024.03.10"]
[Round "4.3"]
[White "Atwell, Rose"]
[Black "Cu Hor, Winston Darwin"]
[Result "1/2-1/2"]
[ECO "B53"]
[WhiteElo "2285"]
[BlackElo "2343"]
[Annotator "TA"]
[PlyCount "46"]
[EventDate "2024.03.06"]
[EventType "schev"]
[EventCountry "USA"]
[SourceTitle "playchess.com"]
[Source "ChessBase"]
[SourceQuality "1"]
[TimeControl "5400+30"]

1. e4 c5 2. Nf3 d6 3. d4 cxd4 4. Qxd4 Nc6 5. Bb5 Bd7 6. Bxc6 Bxc6 7. Nc3 e5 8. Qd3 h6 9. Nd2 Nf6 10. Nc4 Be7 11. Ne3 {[%emt 0:00:20] White has an edge.} g6 12. O-O Rc8 13. a4 Qb6 14. Rd1 Qa6 15. b4 ({Better is} 15. f3 $16) 15... Qxd3 $14 16. cxd3 Bd7 17. Ned5 Nxd5 {[%emt 0:00:00] The position is equal.} 18. Nxd5 Be6 19. Be3 Bxd5 20. exd5 a6 21. Rdc1 Rxc1+ 22. Rxc1 Kd7 {[%emt 0:00:00] Prevents Rc8.} 23. Bb6 Rc8 {[%emt 0:00:00] Prevents Rc7+.   Weighted Error Value: White=0.11 (very precise) /Black=0.10 (very precise) .  Mistake:       	White=1     	---        Inaccurate:     	White=1     	Black=4      OK:         	White=4     	Black=8      Best:        	---       	Black=1} 1/2-1/2

[Event "1000GM Schev-G1 March 2024"]
[Site "Santa Clara"]
[Date "2024.03.10"]
[Round "4.4"]
[White "Guo, Ethan"]
[Black "Heimann, Mark"]
[Result "1/2-1/2"]
[ECO "B11"]
[WhiteElo "2227"]
[BlackElo "2435"]
[Annotator "TA"]
[PlyCount "85"]
[EventDate "2024.03.06"]
[EventType "schev"]
[EventCountry "USA"]
[SourceTitle "playchess.com"]
[Source "ChessBase"]
[SourceQuality "1"]
[TimeControl "5400+30"]

1. e4 c6 2. Nc3 d5 3. Nf3 Nf6 4. e5 Ne4 5. Ne2 Qb6 6. d4 e6 7. Ng3 c5 8. c3 {[%emt 0:01:14] Die Stellung ist ausgeglichen.} Nc6 9. Bd3 Nxg3 10. hxg3 cxd4 11. cxd4 Bd7 12. Rh4 ({Besser ist} 12. Kf1 $14) 12... Be7 $15 13. Rg4 g6 14. Bg5 Qxb2 15. Bxe7 (15. Rb1 $15 Qxa2 16. Rf4) 15... Nxe7 $17 16. Rf4 h6 17. Rb1 Qc3+ 18. Kf1 g5 19. Rf6 Bc6 20. Nh2 h5 (20... Qxd4 21. Rxe6 h5 (21... fxe6 $2 22. Bg6+ Nxg6 23. Qxd4 $18) 22. Nf3 $11) 21. Nf3 (21. Kg1 $11) 21... Ng8 $1 22. Nxg5 (22. Rb3 $15 Qa5 23. Qc1 (23. Rxf7 $2 Kxf7 24. Nxg5+ Ke7 $19)) 22... Nxf6 $19 (22... Qxd4 23. Rf4 (23. Rxf7 Qxe5 24. Qd2 Nh6 $18) 23... Qxe5 24. Nxf7 $18) 23. exf6 {[%emt 0:00:00] [#]} h4 $1 {[%emt 0:05:15] Droht ...hxg3 und aus.} (23... Qxd4 24. Nxf7 (24. Nxe6 $2 Qe5 $17) 24... Rf8 (24... Kxf7 $2 25. Bg6+ Kxg6 26. Qxd4 $18) 25. Ng5 Qxf6 (25... Rxf6 $2 26. Bg6+ Rxg6 27. Qxd4 $18) 26. Qd2 $17) 24. Rb3 $2 (24. g4 {ist eine bessere Verteidigung.} h3 (24... Qxd4 25. Nxf7 Qxf6 26. Nxh8 $15) 25. Nxh3) 24... Qa5 $2 (24... Qxd4 $19 {Droht stark ...hxg3.} 25. g4 Qf4 (25... Qxf6 $2 26. Qc1 $19)) 25. Qe2 $2 ({Günstiger ist} 25. g4 $15 Qxa2 (25... Ba4 $2 26. Rxb7 Bd7 27. Nxf7 $18) 26. Kg1) 25... hxg3 26. fxg3 {[%emt 0:00:00][%cal Og5e6] [#] Nxe6! wäre nun fies.} Qc7 $2 (26... Qd8 $1 $19 27. Nh7 (27. Qe5 $2 Rh6 $19) 27... Qc7 (27... Rxh7 $2 28. Bxh7 Qxf6+ 29. Qf2 $19)) 27. Bg6 $1 $11 O-O-O (27... fxg6 $11 28. f7+ (28. Qxe6+ Kf8 $17) 28... Ke7 29. Qxe6+ Kd8 30. Qxg6 Qe7 31. Ne6+ Kd7 32. Nc5+ Kc7 33. Ne6+ Kd7) 28. Nxf7 $16 ({Bitte nicht} 28. Bxf7 $6 Ba4 29. Bxe6+ (29. Nxe6 $2 {zu gefräßig.} Qxf7 30. Nxd8 Qxf6+ 31. Qf3 Qxd4 $19) (29. Qxe6+ Bd7 $11) 29... Kb8 $11) 28... Rh1+ (28... Rhg8 $16 {war angesagt.}) 29. Kf2 $18 Rf8 30. Qxe6+ {[%emt 0:00:06] Schwarz hat schwache schwarze Felder} Kb8 31. Qe7 {[%emt 0:03:29] Aktives Gegenspiel!} Rc8 32. Qxc7+ Kxc7 33. Ne5 Rf8 34. f7 Rh6 (34... Rd1 {kämpft weiter.} 35. Nxc6 Kxc6) 35. Rf3 Bd7 36. Bf5 Bxf5 37. Rxf5 {[%emt 0:00:04][%mdl 4096] Endspiel. KRR-KRN} Kd6 38. g4 Ke6 39. g5 $2 (39. Kg3 $18 Rh1 40. Rf3) 39... Kxf5 $14 {[%emt 0:00:17] Weiß steht etwas besser.} 40. gxh6 Kg5 41. h7 $1 {[%emt 0:00:36] Schach mit Chili.} Kh6 42. h8=Q+ Rxh8 43. Nd7 {[%emt 0:00:06] Gewichteter Fehlerwert: Weiß=0.46/Schwarz=0.44.  Verlustzug:     	Weiß=1     	---        Gewinn verpasst:   	---       	Schwarz=2     Fehler:       	Weiß=5     	Schwarz=3     Ungenau:       	---       	Schwarz=5     OK:         	Weiß=10    	Schwarz=10    Bester:       	Weiß=3     	Schwarz=7     Stark:        	Weiß=2     	Schwarz=2} 1/2-1/2

[Event "1000GM Schev-G1 March 2024"]
[Site "Santa Clara"]
[Date "2024.03.10"]
[Round "4.5"]
[White "Stearman, Josiah"]
[Black "Yan, Nathan"]
[Result "1/2-1/2"]
[ECO "E40"]
[WhiteElo "2464"]
[BlackElo "2185"]
[Annotator "TA"]
[PlyCount "58"]
[EventDate "2024.03.06"]
[EventType "schev"]
[EventCountry "USA"]
[SourceTitle "playchess.com"]
[Source "ChessBase"]
[SourceQuality "1"]
[TimeControl "5400+30"]

1. c4 e6 2. Nc3 d5 3. d4 Bb4 4. e3 Nf6 5. a3 Bxc3+ 6. bxc3 b6 7. Bd3 Ba6 8. cxd5 {[%emt 0:02:19] Strongly threatening Bxa6.} Bxd3 9. Qxd3 {[%emt 0:00:06] And now dxe6 would win. The position is equal.} exd5 10. c4 O-O 11. Ne2 Nc6 12. O-O dxc4 13. Qxc4 Na5 14. Qc2 c5 15. Bb2 Rc8 16. Rad1 cxd4 17. Qb1 Nc6 18. Nxd4 Nxd4 19. Bxd4 Qe7 {[%emt 0:02:17] Dodges Bc5} 20. a4 Ne4 {[%emt 0:03:41] [#]} 21. a5 $1 bxa5 22. Qa1 (22. Qb5 {simplifies} Nc3 23. Bxc3 Rxc3 24. Qxa5 Rc5 25. Qa6) 22... Qg5 23. Be5 Rfe8 24. Rd5 {[%emt 0:03:28] [#]} (24. Bd4 $11 {keeps the balance.}) 24... Nc3 $1 $17 25. f4 {[%emt 0:00:17] [#]} Qh5 (25... Ne2+ $1 $17 26. Kh1 Qh4 27. Bxg7 Ng3+ (27... Rxe3 28. Bf6 $11) 28. Kg1 Ne2+ (28... Nxf1 29. Rg5 $17) 29. Kh1 Ng3+ (29... Rxe3 30. Bf6 $11) 30. Kg1 Nxf1) 26. Rd2 $1 $11 Ne4 27. Ra2 Qg6 28. Bd4 ({White should try} 28. Qe1 $11) 28... Rc4 $1 $15 29. Qb1 (29. Qd1 $15) 29... Nc3 {[%emt 0:02:58] Weighted Error Value: White=0.15 (very precise) /Black=0.08 (flawless) .  Mistake:       	White=3     	Black=2      Inaccurate:     	---       	Black=2      OK:         	White=4     	Black=9      Best:        	White=2     	Black=1      Strong:       	White=1     	Black=1      Brilliant:      	---       	Black=1} (29... Rec8 $17 30. Bxa7 (30. Rxa5 $2 {is the wrong capture.} Rc2 $19) 30... h5) 1/2-1/2